← All builds
Geo sea / Armada / Economy first / OBSERVED BUILD

Standard geo sea

Armada Geo sea build order · Supreme Isthmus

The role's baseline: bot lab then shipyard in the cove, early destroyer and submarine to contest the sea, with geothermal powering the economy as the game transitions into a naval/amphibious mix.

Usually shipyard in the cove (88%)

#naval #eco · 1403 distinct matches · 177 players · 78% of Armada Geo sea games · team won 54% of 1559 · Recently observed

HOW TO PLAY IT

Key timing: Shipyard by 3:12

  1. Open 3 mex and wind, then drop Bot Lab by 1:12.
  2. Build Shipyard in the cove to start the naval contest.
  3. Pump submarine then destroyer to contest enemy sea entry.
  4. Add geothermal powerplant to fund the economy transition.
  5. Upgrade to Advanced Metal Extractor as eco scaling finishes.

Phase by phase

TYPICAL OF ITS 1403 GAMES
  1. 1
  2. 2
  3. 3
  4. 4
PLAY THE OPENING

Follow the example game's first 6:00 step by step: what to build now, what comes next, and where it goes. At 1× it keeps pace with your own game.

  1. 1

    Up to the Bot Lab

    Economy
    • Metal Extractor3Mex
    • Wind Turbine3Wind
    Order
    1. Bot LabBot Lab after 3 mex, 3 winddone ~1:12, middle half 1:06–1:18

    Some games also: wind for allies (46%)

    By 0:55 in all: 3 mex · 3 wind

    The example game in this phase · 4 steps
    1. Mex ×3
    2. Wind ×2for Air
    3. Wind
    4. Bot LabBot Labdone 1:17 · typical 1:12
  2. 2

    Bot Lab to Shipyard

    Economy
    • Metal Extractor1Mex
    • Wind Turbine1Wind
    Order
    1. ShipyardShipyard after 4 mex, 4 winddone ~3:11, middle half 2:48–3:36
    Builders
    • Construction Bot3 Con bot
    • Lazarus2 Lazarus

    Some games also: pawn (42%) · con turret (39%) · crossbow (38%)

    By 2:47 in all: 4 mex · 4 wind

    The example game in this phase · 4 steps
    1. Construction BotCon bot
    2. LazarusLazarus ×2
    3. Construction BotCon bot
    4. ShipyardShipyarddone 2:31 · typical 3:11
  3. 3

    Shipyard to 5:00

    Economy
    • Metal Extractor4Mex
    • Wind Turbine2Wind
    Order
    1. Bot LabEat Bot Lab
    Builders
    • Construction Ship1 Con ship
    Army
    • Dolphin3 Dolphin
    • Skater1 Skater
    Other
    • Radar Tower1 Radar Tower

    Some games also: destroyer (47%) · submarine (45%) · Sentry (44%) · converter (33%) · con turret (32%)

    By 5:00 in all: 8 mex · 7 wind · 1 energy storage · 1 con turret

    The example game in this phase · 29 steps
    1. LazarusLazarus
    2. Construction BotCon bot
    3. SkaterSkater
    4. Mex
    5. SkaterSkater
    6. Wind ×2
    7. LazarusLazarus
    8. Wind
    9. DolphinDolphin ×2
    10. Mex
    11. DolphinDolphin
    12. Mex
    13. DolphinDolphin
    14. Con turret
    15. DolphinDolphin
    16. Mex
    17. CrossbowCrossbow
    18. Wind
    19. Bot LabEat Bot Labreclaimed for its metal
    20. Wind
    21. Mex
    22. Construction ShipCon ship
    23. Wind
    24. Radar TowerRadar Tower
    25. EelSubmarinedone 5:01 · typical 4:28
    26. Wind
    27. Radar TowerRadar Tower
    28. SentrySentry
    29. HarpoonHarpoon
  4. 4

    5:00 to 10:00

    Economy
    • Metal Extractor2Mex
    • Wind Turbine12Wind
    • Energy Converter3Converter
    Builders
    • Construction Turret1 Con turret
    • Grim Reaper1 Grim Reaper
    • Construction Ship1 Con ship
    Army
    • Sentry1 Sentry
    • Dolphin4 Dolphin
    • Skater2 Skater
    • Corsair2 Destroyer

    Some games also: frigate (42%) · Harpoon (42%) · geo (42%) · Naval Construction Turret (35%) · submarine (30%)

    By 10:00 in all: 11 mex · 20 wind · 1 geo · 4 converter · 1 energy storage · 2 con turret

    The example game in this phase · 125 steps
    1. CorsairDestroyernot finished by 15:00 · typical 5:40
    2. Wind
    3. CorsairDestroyer
    4. Con turret
    5. Wind
    6. Mex
    7. SentrySentry
    8. NettleNettle
    9. Mex
    10. Con turret
    11. SkaterSkater
    12. Wind
    13. SkaterSkater
    14. Con turret
    15. Wind ×3
    16. Con turret
    17. Wind ×2
    18. Naval Radar / Sonar TowerNaval Radar / Sonar Tower
    19. Wind
    20. DolphinDolphin
    21. Con turret
    22. Wind
    23. Converter
    24. DolphinDolphin
    25. Converter
    26. Naval Radar / Sonar TowerNaval Radar / Sonar Tower
    27. DolphinDolphin
    28. Converter
    29. Naval Radar / Sonar TowerNaval Radar / Sonar Tower
    30. Wind
    31. DolphinDolphin
    32. Advanced Metal ExtractorT2 mexdone 9:17 · typical 9:20
    33. Wind ×2
    34. Naval Radar / Sonar TowerNaval Radar / Sonar Tower
    35. HarpoonHarpoon
    36. Grim ReaperGrim Reaper
    37. Wind
    38. Mex
    39. Wind
    40. HarpoonHarpoon
    41. Wind
    42. Mex
    43. DolphinDolphin
    44. Con turret
    45. SentrySentry
    46. Advanced Metal ExtractorT2 mex
    47. Construction ShipCon ship
    48. Geothermal PowerplantGeodone 12:07 · typical 7:52
    49. SentrySentry ×2
    50. Mex
    51. SentrySentry
    52. CorsairDestroyer
    53. SentrySentry
    54. Wind
    55. SkaterSkater
    56. Construction ShipCon ship
    57. Wind
    58. SentrySentry
    59. Wind
    60. SentrySentry
    61. Wind
    62. BeholderBeholder
    63. Wind
    64. SentrySentry
    65. Wind ×2
    66. SentrySentry ×2
    67. Wind
    68. Advanced Metal ExtractorT2 mex
    69. Converter ×3
    70. Wind ×3
    71. SentrySentry
    72. Wind ×3
    73. Con turret
    74. DolphinDolphin ×3
    75. Wind
    76. DolphinDolphin
    77. Wind
    78. DolphinDolphin ×2
    79. Wind ×2
    80. DolphinDolphin
    81. Naval Radar / Sonar TowerNaval Radar / Sonar Tower
    82. Wind
    83. DolphinDolphin ×2
    84. Wind ×2
    85. DolphinDolphin
    86. Wind
    87. DolphinDolphin
    88. Converter
    89. DolphinDolphin
    90. Converter
    91. DolphinDolphin ×2
    92. Converter
    93. Advanced Metal ExtractorT2 mex
    94. DolphinDolphin
    95. Wind ×5
    96. CorsairDestroyer
    97. Wind
    98. Con turret
    99. EllysawFrigate
    100. Construction ShipCon ship
    101. Advanced ShipyardAdvanced Shipyarddone 13:46
    102. Wind
    103. EllysawFrigate
    104. Wind ×7
    105. Converter
    106. EllysawFrigate
    107. Converter ×2
    108. Wind ×3
    109. Advanced Construction SubAdvanced Construction Sub
    110. EllysawFrigate
    111. Wind ×2
    112. Advanced Metal ExtractorT2 mex
    113. Wind
    114. Con turret
    115. SkaterSkater
    116. VoyagerVoyager
    117. CorsairDestroyer
    118. Naval Advanced Metal ExtractorNaval Advanced Metal Extractornot finished by 15:00
    119. VoyagerVoyager
    120. Wind
    121. EllysawFrigate
    122. SkaterSkater
    123. Wind ×4
    124. Advanced Metal ExtractorT2 mex
    125. Wind ×2

Counts are medians over the build's games: half of them build more, half fewer. The example game is JesterB's (31 OS, 14/10/2026); pick another.

Team trades

IN AT LEAST 30% OF ITS GAMES

You hand over

  • Wind Turbine2 Wind to Airfirst at 1:40 · in 64% of games

You get

  • Finch1 Finch from Airfirst at 1:53 · in 74% of games
  • Hercules1 Light transport from Airfirst at 2:04 · in 65% of games
  • Advanced Construction Bot1 T2 con bot from Techfirst at 7:42 · in 90% of games

How it plays out

Typical game of this build, running totals by minute

Metal produced

010k20k30k
0:005:0010:0015:00

metal

Enemy metal destroyed

05k10k
0:005:0010:0015:00

metal

Own metal lost

02.5k5k7.5k
0:005:0010:0015:00

metal

1559 games.

Show as table
ByMetal produced: This buildEnemy metal destroyed: This buildOwn metal lost: This build
1:0039500
2:0092800
3:00159900
4:002877040
5:00412819052
6:005516531292
7:007055994625
8:00872116851049
9:001058424601595
10:001281133622235
11:001540144333114
12:001850354873794
13:002184165114609
14:002547475715371
15:002908084816156
WHAT THE NUMBERS SAY

Standard Geo sea play wins slightly less than half the time but builds a strong metal base by 15:00 with moderate losses.

  • + Metal produced reaches 29210 by 15:00, well above Beach sea's early pace.
  • + Corsair (destroyer) makes up 34% of army, a clear naval focus.
  • − Own metal lost climbs to 6339 by 15:00 from sea skirmishes.
  • − Geothermal only completes in 58% of games, an inconsistent power spike.
THE EXAMPLE YOU ARE READING

JesterB

31.3 OS · 14/10/2026

Open source match ↗

7 received units · includes a constructor
181 metal received · 16737 energy received

Allied construction assistance is unknown. Timings are observations, not a promise of solo reproducibility.

Typical milestones

Bot Lab1:12Middle 50%: 1:06–1:18 · n=1516
Shipyard3:11Middle 50%: 2:48–3:36 · n=1538
Eel4:28Middle 50%: 3:46–5:36 · n=955
Corsair5:40Middle 50%: 4:57–6:39 · n=1435
Geothermal Powerplant7:52Middle 50%: 6:48–9:30 · n=989
Advanced Metal Extractor9:20Middle 50%: 8:38–10:09 · n=1364

Played most by

_X_137games of this buildJesterB70games of this buildOptimusprimenutt61games of this buildhaaven55games of this buildpyrothraxus51games of this build
Standard geo sea · Armada Geo sea build order · BAR Build Atlas